 Dungeon Crawl Stone Soup version 0.17-a0-1570-g74b7129 (webtiles) character file.

144745 Chiseanne the Carver (level 16, -1/117 HPs)
             Began as a Demonspawn Wanderer on July 22, 2015.
             Was an Initiate of Gozag.
             Shot with an arrow of flame by a naga sharpshooter (29 damage)
             ... led by Vashnia
             ... on level 4 of the Snake Pit on July 23, 2015.
             The game lasted 02:53:53 (51070 turns).

Chiseanne the Carver (Demonspawn Wanderer)         Turns: 51070, Time: 02:53:53

Health: -1/117     AC: 14    Str: 18    XL:     16   Next: 85%
Magic:  31/31      EV: 23    Int: 18    God:    Gozag
Gold:   370        SH: 18    Dex: 23    Spells: 3 memorised, 19 levels left

rFire  + . .     SeeInvis .     s - +3 war axe (freeze)
rCold  + . .     Clarity  +     O - +1 ring mail of the Dungeon {rElec MP+9}
rNeg   + . .     SustAt   .     b - +1 large shield {rC+}
rPois  +         Gourm    .     j - +0 hat of Omission {rF+ rN+ Int+3}
rElec  +         Spirit   .     E - +0 cloak
rCorr  .         Warding  .     Y - +2 pair of gloves {archery}
rMut   .         Stasis   .     (boots unavailable)
MR     +....                    S - amulet of clarity
Stlth  +++++++++.               o - +2 ring of evasion
                                q - ring of poison resistance

@: mighty, agile, lethally poisoned (-1 -> -4), very slightly contaminated,
hasted, very quick, somewhat resistant to hostile enchantments, incredibly
stealthy
A: hooves 3, molten scales 2, demonic guardian 2, nightstalker 3, augmentation 1
a: Potion Petition, Call Merchant, Bribe Branch, Renounce Religion


You were on level 4 of the Snake Pit.
You worshipped Gozag.
Gozag was noncommittal.
You were not hungry.

You visited 5 branches of the dungeon, and saw 32 of its levels.
You also visited: Labyrinth and Ice Cave.

You collected 13722 gold pieces.
You spent 7864 gold pieces at shops.
You paid 5488 gold pieces to Gozag.

Inventory:

Hand weapons
 a - a +5 double sword of slicing
 d - a +2 whip of electrocution
 s - a +3 war axe of freezing (weapon)
 w - a +3 blowgun
Missiles
 c - 4 curare-tipped needles
 G - 54 poisoned needles
Armour
 b - a +1 large shield of cold resistance (worn)
 h - the +3 ring mail of Anaesthesia {-Cast Int+3 Dex+4}
   (You found it on level 2 of the Snake Pit)

   It affects your intelligence (+3).
   It affects your dexterity (+4).
   It prevents spellcasting.
 j - the +0 hat of Omission (worn) {rF+ rN+ Int+3}
   (You acquired it on level 4 of the Orcish Mines)

   It affects your intelligence (+3).
   It protects you from fire.
   It protects you from negative energy.
 p - the +0 hat "Trusted Companion" {rPois MR+ Regen+ Str-2}
   (You acquired it on level 4 of the Orcish Mines)

   It affects your strength (-2).
   It protects you from poison.
   It affects your resistance to hostile enchantments.
   It increases your rate of regeneration.
 E - a +0 cloak (worn)
 O - the +1 ring mail of the Dungeon (worn) {rElec MP+9}
   (You bought it in a shop on level 4 of the Orcish Mines)

   It insulates you from electricity.
   It affects your magic capacity (+9).
 Y - a +2 pair of gloves of archery (worn)
Rods
 T - a +2 rod of shadows (14/14)
   (You found it on level 8 of the Lair of Beasts)
Jewellery
 o - a +2 ring of evasion (right hand)
 q - a ring of poison resistance (left hand)
 S - an amulet of clarity (around neck)
Magical devices
 m - a wand of cold (13)
 J - a wand of digging (3)
 N - a wand of hasting (4)
 W - a wand of lightning (2)
Scrolls
 l - a scroll of recharging
 n - 3 scrolls of fear
 y - 15 scrolls of remove curse
 z - 9 scrolls of teleportation
 C - 2 scrolls of blinking
 Q - 6 scrolls of identify
 R - a scroll of magic mapping
 V - 2 scrolls of fog
Potions
 i - 9 potions of flight
 k - 2 potions of cure mutation
 r - 7 potions of cancellation
 x - 3 potions of resistance
 I - 15 potions of curing
Books
 u - a book of the Earth

   Spells                             Type                      Level
   a - Leda's Liquefaction            Hexes/Earth                  4
   b - Bolt of Magma                  Conjuration/Fire/Earth       5
   c - Statue Form                    Transmutation/Earth          6
   d - Iron Shot                      Conjuration/Earth            6
   e - Shatter                        Earth                        9
Miscellaneous
 f - a plain deck of changes
 X - a stone of tremors
Comestibles
 A - 12 meat rations
 P - 6 bread rations


   Skills:
 - Level 8.2 Fighting
   Level 1.7(9.6) Short Blades
 + Level 14.2 Long Blades
 - Level 12.1 Maces & Flails
 - Level 1.0 Throwing
 - Level 5.0 Armour
 - Level 9.4 Dodging
 - Level 13.7 Stealth
 - Level 9.9 Shields
 - Level 4.5 Spellcasting
 - Level 2.6 Charms
 - Level 4.6 Translocations


You had 19 spell levels left.
You knew the following spells:

 Your Spells              Type           Power        Failure   Level  Hunger
a - Apportation           Tloc           ###.......   28%         1    None
b - Blink                 Tloc           N/A          38%         2    #......
c - Shroud of Golubria    Chrm/Tloc      ###.......   65%         2    #......


Dungeon Overview and Level Annotations

Branches:
Dungeon (15/15)            Temple (0/1) D:5            Lair (8/8) D:11
 Shoals (0/4) Lair:5        Snake (4/4) Lair:6        Slime (0/6) Lair:8
    Orc (4/4) D:9             Elf (0/3) Orc:3        Vaults (0/5) D:13
 Depths (1/5) D:15

Altars:
Ashenzari
Cheibriados
Elyvilon
Gozag
Kikubaaqudgha
Makhleb
Nemelex Xobeh
Okawaru
Sif Muna
Xom
Yredelemnul
The Shining One
Beogh
Jiyva

Shops:
D:11 (   Orc:4 !**   Vaults:3 =

Annotations:
Snake:4 Vashnia


Innate Abilities, Weirdness & Mutations

You have hooves in place of feet.
You are mostly covered in molten scales (AC +3, EV -1).
A demonic guardian rushes to your aid.
You are completely attuned to the shadows.
Your magical and physical power is slightly enhanced at high health.


Message History

The naga sharpshooter completely misses your sixfirhy.
You hear some strange, mumbled words.
You hear a thunk.
The poisoned bolt hits you.
You are poisoned.
Drink which item? (? for menu, Esc to quit)
You feel mightier all of a sudden.
You feel sick.
Vashnia shoots an arrow.
The arrow hits you!
* * * LOW HITPOINT WARNING * * *
You block the naga mage's attack.
A black mamba comes into view.
You miss Vashnia. You kick Vashnia!
Vashnia is severely wounded.
The naga mage hits your sixfirhy with a flail!
The naga mage barely misses your sixfirhy.
The naga mage is distracted by the nearby gold.
The naga sharpshooter casts a spell.
The naga sharpshooter magically shoots an arrow of flame.
The arrow of flame hits you!!
You die...
Your body crumbles into a pile of gold.

*,,,,,,,,,,,,....$..K....,*****
,,,,,,,,,,***##......####**
,,,,,,,**** #......# ,,,,,,**
#N.))..# ,,,*,,* #NN....#
,,,,,,** #{SNN..# ,,,,,,,****
#.NN4..# #######
,,,,,,,,,,**###.N(.(.######......
*,,,,,,,,,,,....@((.(.)..))..).(.
***,,,,,,,,,.....#(......(..)((..
****,,,,,,...ยง.......).)..[()..
*****,,.............)....().
***###.N....#####......# *,.....#
######## *,.....# *,,....*
**,,,,**


You could see Vashnia, a naga warrior, 3 naga sharpshooters, a black mamba, 3
naga magi and a friendly sixfirhy.

Vanquished Creatures
  Jorgrun (Snake:2)
  Rupert (Orc:4)
  Frances (D:13)
  2 greater nagas (Snake:4)
  A frost giant (IceCv)
  A minotaur (Lab)
  Josephine (Orc:4)
  A vault guard (D:13)
  6 naga warriors
  6 hydras
  An ogre mage (D:15)
  Erolcha (D:13)
  4 anacondas
  4 centaur warriors
  2 tengu warriors (D:12)
  3 death yaks (Lair:5)
  An orc high priest (Orc:4)
  7 shock serpents
  The ghost of 2tc the Quickloader, an experienced DrWn of Okawaru (D:7)
  4 naga sharpshooters
  Sonja (Orc:4)
  A salamander mystic (Snake:4)
  4 unseen horrors
  2 naga ritualists (Snake:4)
  3 hill giants
  2 wizards (D:15)
  Pikel (D:7)
  An orc knight (Orc:3)
  3 mana vipers
  A deep elf conjurer (D:15)
  4 orc sorcerers (Orc:4)
  3 oklob plants
  7 ugly things
  A manticore (D:11)
  3 salamanders
  13 naga magi
  5 elephants
  Joseph (D:7)
  5 cyclopes
  30 black mambas
  An eye of devastation (shapeshifter) (D:15)
  23 spiny frogs
  2 gargoyles
  4 kobold demonologists
  3 fire drakes
  A queen bee (Lair:2)
  6 komodo dragons
  2 tengu conjurers
  5 trolls
  3 two-headed ogres
  A giant leech (Lair:8)
  A two-headed ogre (shapeshifter) (D:15)
  14 polar bears
  8 slime creatures
  9 blink frogs
  6 wyverns
  54 yaks
  A deep elf mage (D:10)
  2 shadows
  3 wraiths (Orc:4)
  8 basilisks
  A spriggan (D:7)
  2 mottled dragons
  11 hippogriffs
  20 wolves
  2 hungry ghosts
  2 hogs (D:13)
  A warg (Orc:3)
  7 vampire mosquitoes
  Edmund (D:3)
  30 nagas
  31 water moccasins
  A soldier ant (D:14)
  12 porcupines
  An eye of draining (D:14)
  8 ice beasts
  A necrophage (D:15)
  A phantom (D:11)
  11 ogres
  2 wasps
  4 sky beasts
  18 orc warriors
  3 big kobolds (D:11)
  16 crocodiles
  11 centaurs
  A giant frog (shapeshifter) (D:14)
  44 giant frogs
  4 scorpions
  27 killer bees
  A wyvern skeleton (D:15)
  6 electric eels
  2 wasp zombies
  18 wights
  9 crimson imps
  2 centaur zombies
  4 jellies
  8 hounds
  32 orc priests
  2 quasits
  34 orc wizards
  3 centaur skeletons
  3 giant frog skeletons
  A gnoll shaman (D:5)
  9 iguanas
  A hell rat (Lair:4)
  12 worker ants
  20 sheep
  2 hound zombies
  A mummy (D:5)
  A worker ant zombie (D:8)
  7 gnolls
  13 adders
  78 river rats
  2 shadow imps
  2 white imps (D:15)
  An ooze (D:3)
  2 adder skeletons
  An adder zombie (D:5)
  2 worms
  5 giant geckos
  130 orcs
  4 ball pythons
  17 bats
  A bat zombie (D:6)
  6 giant cockroaches
  13 goblins
  23 hobgoblins
  14 kobolds
  2 quokkas
  A ball python skeleton (D:5)
  4 giant newts
  3 hobgoblin zombies (D:5)
  18 jackals
  An orc zombie (D:5)
  17 rats
  20 fungi
  20 plants
1148 creatures vanquished.

Vanquished Creatures (collateral kills)
  Kirke (D:13)
  2 greater nagas (Snake:4)
  Donald (Orc:4)
  3 vault guards (D:13)
  Harold (Lair:2)
  A hydra (D:15)
  2 naga warriors
  2 centaur warriors (D:13)
  A death yak (Lair:5)
  A tengu warrior (D:14)
  Urug (Orc:2)
  2 ice devils (D:15)
  An ice statue (IceCv)
  An orc knight (D:13)
  An orc sorcerer (D:13)
  A guardian serpent (Snake:4)
  8 elephants
  A gargoyle (D:15)
  3 naga magi (Snake:4)
  2 kobold demonologists
  2 spiny frogs (Lair:8)
  A tengu conjurer (D:14)
  6 polar bears (IceCv)
  2 slime creatures
  A wraith (Orc:4)
  16 yaks
  A steam dragon (D:12)
  2 basilisks
  A redback simulacrum (D:15)
  A vampire mosquito (D:12)
  2 humans (D:13)
  A hippogriff (D:15)
  4 wolves
  4 nagas (Snake:4)
  A warg (Orc:2)
  3 orc warriors
  A water moccasin (Lair:2)
  A black bear (D:10)
  3 ogres (D:15)
  A big kobold (D:8)
  5 giant frogs (Lair:8)
  A killer bee (Lair:2)
  2 orc priests (Orc:4)
  2 orc wizards (Orc:4)
  A hound skeleton (D:11)
  A shadow imp (D:14)
  4 orcs
  A quokka (D:8)
  2 goblins (Orc:4)
  2 kobolds
111 creatures vanquished.

Vanquished Creatures (others)
  A black mamba (Snake:2)
  A human (D:13)
  A slave (D:7)
  An orc wizard (Orc:4)
  A hound (D:7)
  56 fungi
  24 plants
85 creatures vanquished.

Grand Total: 1344 creatures vanquished

Notes
Turn   | Place    | Note
--------------------------------------------------------------
     0 | D:1      | Chiseanne the Demonspawn Wanderer began the quest for the Orb.
     0 | D:1      | Chiseanne set off with: 3 curare-tipped needles, a +2 blowgun, a +0 short sword, a potion of curing, a +0 robe, a +0 dagger, a bread ration
     0 | D:1      | Reached XP level 1. HP: 16/16 MP: 1/1
   484 | D:1      | Reached skill level 1 in Dodging
   484 | D:1      | Gained mutation: You are partially covered in molten scales (AC +1). [demonic ancestry]
   484 | D:1      | Reached XP level 2. HP: 13/23 MP: 2/2
  1191 | D:2      | Gained mutation: You are slightly more attuned to the shadows. [demonic ancestry]
  1191 | D:2      | Reached XP level 3. HP: 14/28 MP: 3/3
  1209 | D:2      | Reached skill level 3 in Fighting
  1458 | D:2      | Found a sparkling altar of Nemelex Xobeh.
  2042 | D:3      | Reached XP level 4. HP: 35/35 MP: 4/4
  2218 | D:3      | Found an opulent altar of Gozag.
  2218 | D:3      | Found a white marble altar of Elyvilon.
  2223 | D:3      | Became a worshipper of Gozag Ym Sagoz the Greedy
  2327 | D:3      | Reached skill level 1 in Armour
  2810 | D:3      | Reached XP level 5. HP: 38/41 MP: 5/5
  3257 | D:3      | Found an ancient bone altar of Kikubaaqudgha.
  3258 | D:3      | Found a shimmering altar of Xom.
  3285 | D:4      | Noticed Edmund
  3302 | D:3      | Killed Edmund
  3302 | D:3      | Reached skill level 4 in Fighting
  3302 | D:3      | Gained mutation: You have large cloven feet. [demonic ancestry]
  3302 | D:3      | Reached XP level 6. HP: 29/48 MP: 6/6
  3500 | D:4      | Found a deep blue altar of Sif Muna.
  3610 | D:4      | Found a basalt altar of Yredelemnul.
  3808 | D:4      | Gained mutation: You are significantly more attuned to the shadows. [demonic ancestry]
  3808 | D:4      | Reached XP level 7. HP: 54/54 MP: 7/7
  3902 | D:4      | Found an iron altar of Okawaru.
  4170 | D:5      | Entered Level 5 of the Dungeon
  4206 | D:5      | Got an ebony hand axe
  4208 | D:5      | Identified the cursed +3 hand axe of Paemetz {chop, rElec rC+ Dex-5} (You found it on level 5 of the Dungeon)
  4502 | D:5      | Reached skill level 1 in Maces & Flails
  4599 | D:5      | Found a staircase to the Ecumenical Temple.
  4713 | D:5      | Reached skill level 5 in Stealth
  4755 | D:5      | Found a glowing golden altar of the Shining One.
  5142 | D:5      | Gained mutation: You are mostly covered in molten scales (AC +3, EV -1). [demonic ancestry]
  5142 | D:5      | Reached XP level 8. HP: 56/61 MP: 8/8
  5867 | D:6      | Reached skill level 6 in Stealth
  6248 | D:6      | Found Ajong's Distillery.
  6269 | D:6      | Reached skill level 5 in Armour
  6305 | D:6      | Bought a potion of berserk rage for 50 gold pieces
  6305 | D:6      | Bought a potion of brilliance for 40 gold pieces
  6305 | D:6      | Bought 2 potions of cure mutation for 700 gold pieces
  6305 | D:6      | Bought a potion of cancellation for 80 gold pieces
  6305 | D:6      | Bought a potion of poison for 10 gold pieces
  6305 | D:6      | Bought a potion of heal wounds for 50 gold pieces
  6308 | D:6      | Bought a potion of agility for 40 gold pieces
  6519 | D:6      | Gained mutation: You have hoof-like feet. [demonic ancestry]
  6519 | D:6      | Reached XP level 9. HP: 66/66 MP: 9/9
  6945 | D:7      | Noticed 2tc's ghost (experienced DrWn)
  6960 | D:6      | Reached skill level 7 in Stealth
  6989 | D:7      | Killed 2tc's ghost
  6989 | D:7      | Reached skill level 5 in Fighting
  6989 | D:7      | Reached skill level 5 in Maces & Flails
  7041 | D:7      | Reached skill level 5 in Dodging
  7107 | D:7      | Found a burning altar of Makhleb.
  7591 | D:7      | Noticed Pikel
  7611 | D:7      | Killed Pikel
  7611 | D:7      | Reached skill level 8 in Stealth
  7656 | D:7      | Noticed Joseph
  7674 | D:7      | Killed Joseph
  7674 | D:7      | Gained mutation: A weak demonic guardian rushes to your aid. [demonic ancestry]
  7674 | D:7      | Reached XP level 10. HP: 32/77 MP: 10/10
  8209 | D:8      | Found a shattered altar of Ashenzari.
  8341 | D:8      | Found a snail-covered altar of Cheibriados.
  8626 | D:8      | Noticed a hill giant
  8643 | D:8      | Killed a hill giant
  9266 | D:9      | Reached skill level 9 in Stealth
  9486 | D:9      | Learned a level 1 spell: Apportation
 10383 | D:9      | Found a staircase to the Orcish Mines.
 10808 | D:10     | Entered Level 10 of the Dungeon
 11178 | D:10     | Noticed a purple ugly thing
 11203 | D:10     | Killed a purple ugly thing
 11949 | D:10     | Reached XP level 11. HP: 64/86 MP: 11/11
 13068 | D:11     | Killed an unseen horror
 13068 | D:11     | Reached skill level 10 in Stealth
 13079 | D:11     | Found a staircase to the Lair.
 14187 | D:11     | Killed an unseen horror
 14423 | D:11     | Found Jameph's Antique Weapon Boutique.
 14426 | D:11     | Bought a bloodstained mace for 192 gold pieces
 14426 | D:11     | Bought a runed blowgun for 60 gold pieces
 14431 | D:11     | Identified the +2 mace "Uppiuv" {venom, Int+3} (You bought it in a shop on level 11 of the Dungeon)
 14436 | D:11     | Bought an iridescent scythe for 192 gold pieces
 14438 | D:11     | Identified the +4 scythe of Accord {slice, Str-3 Int+2 Dex+4} (You bought it in a shop on level 11 of the Dungeon)
 14448 | D:11     | Noticed a five-headed hydra
 14662 | D:11     | Killed a five-headed hydra
 14936 | D:11     | Got an encrusted hand axe
 14937 | D:11     | Identified the +9 hand axe of Armageddon {chop, Int+7} (You found it on level 11 of the Dungeon)
 15211 | Lair:1   | Entered Level 1 of the Lair of Beasts
 15364 | D:12     | Noticed a tengu warrior
 15376 | D:12     | Killed a tengu warrior
 15376 | D:12     | Reached skill level 11 in Stealth
 15377 | D:12     | Noticed a tengu warrior
 15415 | D:12     | Killed a tengu warrior
 15623 | D:11     | Gained mutation: A demonic guardian rushes to your aid. [demonic ancestry]
 15623 | D:11     | Reached XP level 12. HP: 28/93 MP: 12/12
 15971 | D:12     | Killed an unseen horror
 16409 | D:12     | Reached skill level 1 in Shields
 17544 | D:13     | Noticed a vault guard
 17570 | D:13     | Killed a vault guard
 17584 | D:13     | Noticed a vault guard
 17605 | D:13     | Killed a vault guard
 17629 | D:13     | HP: 3/93 [gargoyle/stone arrow (21)]
 17961 | D:13     | Found a gate to the Vaults.
 17961 | D:13     | Noticed a vault guard
 17961 | D:13     | Noticed a vault guard
 17968 | D:13     | Killed a vault guard
 17975 | D:13     | Killed a vault guard
 18191 | D:13     | Reached skill level 12 in Stealth
 18297 | D:13     | Noticed Erolcha
 18307 | D:13     | Killed Erolcha
 18709 | D:13     | Noticed Kirke
 18747 | D:13     | Killed Kirke
 18759 | D:13     | Reached skill level 5 in Shields
 18773 | D:13     | Noticed a centaur warrior
 18778 | D:13     | Killed a centaur warrior
 18869 | D:13     | Noticed Frances
 18875 | D:13     | Killed Frances
 18875 | D:13     | Gained mutation: Your magical and physical power is slightly enhanced at high health. [demonic ancestry]
 18875 | D:13     | Reached XP level 13. HP: 91/98 MP: 13/13
 20182 | D:14     | Reached skill level 10 in Maces & Flails
 20992 | D:15     | Entered Level 15 of the Dungeon
 21002 | D:15     | Found Ihiteegg's Food Shoppe.
 21008 | D:15     | Bought 3 fruits for 58 gold pieces
 21008 | D:15     | Bought a meat ration for 65 gold pieces
 21008 | D:15     | Bought 3 fruits for 58 gold pieces
 21008 | D:15     | Bought a beef jerky for 19 gold pieces
 21008 | D:15     | Bought a bread ration for 65 gold pieces
 21008 | D:15     | Bought a royal jelly for 26 gold pieces
 21008 | D:15     | Bought a bread ration for 65 gold pieces
 21008 | D:15     | Bought a beef jerky for 19 gold pieces
 21008 | D:15     | Bought a slice of pizza for 19 gold pieces
 21008 | D:15     | Bought a bread ration for 65 gold pieces
 21008 | D:15     | Bought a bread ration for 65 gold pieces
 21008 | D:15     | Bought a beef jerky for 19 gold pieces
 21008 | D:15     | Bought a meat ration for 65 gold pieces
 21008 | D:15     | Bought a royal jelly for 26 gold pieces
 21008 | D:15     | Bought a beef jerky for 19 gold pieces
 21107 | D:15     | Reached skill level 13 in Stealth
 21142 | D:15     | Found a staircase to the Depths.
 21377 | D:15     | Found a frozen archway.
 21402 | IceCv    | Entered an ice cave
 22391 | IceCv    | Noticed a frost giant
 22448 | IceCv    | Killed a frost giant
 23272 | D:15     | Gained mutation: You have hooves in place of feet. [demonic ancestry]
 23272 | D:15     | Reached XP level 14. HP: 100/105 MP: 14/14
 25005 | Depths:1 | Entered Level 1 of the Depths
 25386 | Orc:1    | Entered Level 1 of the Orcish Mines
 25574 | Orc:1    | Found a roughly hewn altar of Beogh.
 25849 | Orc:2    | Noticed Urug
 25863 | Orc:2    | Killed Urug
 26665 | Orc:3    | Found a staircase to the Elven Halls.
 27283 | Orc:3    | Found a roughly hewn altar of Beogh.
 27570 | Orc:4    | Entered Level 4 of the Orcish Mines
 27586 | Orc:4    | Noticed Rupert
 27598 | Orc:4    | Killed Rupert
 27746 | Orc:4    | Noticed Donald
 27763 | Orc:4    | HP: 5/105 [Donald/double sword of slicing (17)]
 27763 | Orc:4    | HP: 2/105 [Donald/double sword of slicing (3)]
 27764 | Orc:4    | Killed Donald
 27764 | Orc:4    | Reached skill level 1 in Spellcasting
 27764 | Orc:4    | Reached skill level 1 in Translocations
 28646 | Orc:4    | Noticed Josephine
 28659 | Orc:4    | Killed Josephine
 29246 | Orc:4    | Noticed Sonja
 29254 | Orc:4    | Killed Sonja
 29378 | Orc:4    | Found Fikifyj's Distillery.
 29379 | Orc:4    | Found Toec's Assorted Antiques.
 29380 | Orc:4    | Found Doschurokk's Assorted Antiques.
 29382 | Orc:4    | Found Gaynoidgh's Food Shop.
 29385 | Orc:4    | Bought a scroll labeled PIPUOS LOUBLYO for 35 gold pieces
 29385 | Orc:4    | Bought a ruby ring for 175 gold pieces
 29387 | Orc:4    | Got a spiked hat
 29416 | Orc:4    | Identified the +0 hat of Omission {rF+ rN+ Int+3} (You acquired it on level 4 of the Orcish Mines)
 29429 | Orc:4    | Bought a jet-encrusted ring mail for 198 gold pieces
 29441 | Orc:4    | Identified the cursed +1 ring mail of the Dungeon {rElec MP+9} (You bought it in a shop on level 4 of the Orcish Mines)
 29474 | Orc:4    | Bought a meat ration for 65 gold pieces
 29474 | Orc:4    | Bought a meat ration for 65 gold pieces
 29474 | Orc:4    | Bought a bread ration for 65 gold pieces
 29474 | Orc:4    | Bought a meat ration for 65 gold pieces
 29474 | Orc:4    | Bought 2 fruits for 39 gold pieces
 29474 | Orc:4    | Bought a meat ration for 65 gold pieces
 29478 | Orc:4    | Bought 2 potions of curing for 132 gold pieces
 29479 | Orc:4    | Bought a potion of haste for 350 gold pieces
 29479 | Orc:4    | Bought a scroll of teleportation for 105 gold pieces
 29479 | Orc:4    | Bought a scroll of magic mapping for 122 gold pieces
 29480 | Orc:4    | Bought a potion of heal wounds for 65 gold pieces
 29480 | Orc:4    | Bought a potion of agility for 52 gold pieces
 29480 | Orc:4    | Bought a potion of agility for 52 gold pieces
 29480 | Orc:4    | Bought 2 potions of might for 104 gold pieces
 30065 | D:15     | Learned a level 2 spell: Blink
 30068 | D:15     | Learned a level 2 spell: Shroud of Golubria
 30069 | D:15     | Upgraded the game from 0.17-a0-1567-gdd419b1 to 0.17-a0-1570-g74b7129
 31489 | Lair:2   | Got a brightly glowing large shield
 31500 | Lair:2   | Identified the +3 large shield of the Orcish Mines {rElec} (You acquired it on level 2 of the Lair of Beasts)
 31707 | Lair:2   | Noticed Harold
 31719 | Lair:2   | Killed Harold
 32502 | Lair:3   | Identified a +2 rod of clouds (11/11) (You found it on level 3 of the Lair of Beasts)
 33004 | Lair:4   | Found a labyrinth entrance.
 33011 | Lab      | Entered a labyrinth
 33869 | Lab      | Identified the Disquisition on Spatial Creation
 33992 | Lair:4   | Reached XP level 15. HP: 100/110 MP: 21/21
 34555 | Lair:4   | Reached skill level 1 in Long Blades
 36722 | Lair:5   | Reached skill level 5 in Long Blades
 37658 | Lair:5   | Found a staircase to the Shoals.
 38435 | Lair:6   | Found a staircase to the Snake Pit.
 39694 | Lair:7   | Found a white marble altar of Elyvilon.
 40445 | Lair:7   | You fall through a shaft!
 40445 | Lair:8   | Entered Level 8 of the Lair of Beasts
 42299 | Lair:8   | Reached skill level 10 in Long Blades
 43295 | Lair:8   | Found a viscous altar of Jiyva.
 43295 | Lair:8   | Found a staircase to the Slime Pits.
 43314 | Lair:8   | Gained mutation: You are completely attuned to the shadows. [demonic ancestry]
 43314 | Lair:8   | Reached XP level 16. HP: 117/117 MP: 22/22
 43414 | Lair:8   | Identified a +1 rod of shadows (12/12) (You found it on level 8 of the Lair of Beasts)
 44620 | D:6      | Bought a potion of curing for 30 gold pieces
 44620 | D:6      | Bought a potion of curing for 30 gold pieces
 44620 | D:6      | Bought a potion of flight for 30 gold pieces
 44830 | Orc:4    | Bought a potion of haste for 130 gold pieces
 44830 | Orc:4    | Bought a potion of cancellation for 104 gold pieces
 44830 | Orc:4    | Bought 2 potions of flight for 78 gold pieces
 44830 | Orc:4    | Bought a potion of berserk rage for 65 gold pieces
 44830 | Orc:4    | Bought a potion of curing for 39 gold pieces
 44830 | Orc:4    | Bought a potion of curing for 39 gold pieces
 44832 | Orc:4    | Bought 2 potions of cure mutation for 1540 gold pieces
 44832 | Orc:4    | Bought a scroll of recharging for 209 gold pieces
 44832 | Orc:4    | Bought a scroll of acquirement for 1144 gold pieces
 44832 | Orc:4    | Bought a scroll of recharging for 209 gold pieces
 44832 | Orc:4    | Bought a scroll of remove curse for 66 gold pieces
 44832 | Orc:4    | Bought a papyrus book for 330 gold pieces
 44834 | Orc:4    | Got a distressingly furry hat
 44845 | Orc:4    | Identified the +0 hat "Trusted Companion" {rPois MR+ Regen+ Str-2} (You acquired it on level 4 of the Orcish Mines)
 45331 | Snake:1  | Entered Level 1 of the Snake Pit
 46338 | Snake:2  | Noticed Jorgrun
 46350 | Snake:2  | Killed Jorgrun
 46546 | Snake:2  | Got a translucent ring mail
 47046 | Snake:2  | Identified the +3 ring mail of Anaesthesia {-Cast Int+3 Dex+4} (You found it on level 2 of the Snake Pit)
 47593 | Snake:3  | Found a shimmering altar of Xom.
 47873 | Snake:4  | Entered Level 4 of the Snake Pit
 50512 | Snake:4  | Reached skill level 14 in Long Blades
 51049 | Snake:4  | Noticed Vashnia
 51070 | Snake:4  | Shot with an arrow of flame by a naga sharpshooter

Vault maps used:
D:1:      grunt_arrival_crossed_arrows
D:2:      hex_large, nemelex_spade_bored_becter
D:3:      gammafunk_temple_overflow_pools, gammafunk_temple_overflow_statue,
          nicolae_overflow_hidden_temple
D:4:      lemuel_round_altar, old_standard_altar, overflow_temple_1_default,
          item_on_display_a, uniq_edmund
D:5:      tso_metal_star, minmay_temple_entry_fiery, first_bread,
          mrwooster_statue_mirror, minmay_mini_ossuary
D:6:      serial_shops, nicolae_shop_waterfront, amalloy_card_club
D:7:      nicolae_overflow_crystal_walls, the_bakery, roderic_whirl,
          uniq_joseph, uniq_pikel
D:8:      lemuel_doored_altar, cheibrodos_ashenzari_chains
D:9:      orc_0_dummy
D:10:     serial_bayou_lagoon_a
D:11:     dpeg_oklobed_lair, serial_shops, kennysheep_mini
D:12:     nrook_mini_backslash, spider_trap
D:13:     grunt_vaults_entry_fortified, uniq_erolcha, uniq_kirke, uniq_frances
D:14:     hex_tiny
D:15:     grunt_enter_depths_magical_seal, serial_ice, serial_ice_f,
          serial_ice_g, serial_ice_m, serial_ice_n,
          portal_ice_cave_demonic_guard, minmay_misc_feat_tiny
Lair:1:   cheibrodos_lair_reptile_den, lemuel_fruit_fields
Lair:2:   special_room, beast_lair_carwin_5, uniq_harold
Lair:3:   serial_bayou_shore_b, grunt_megastairs_4
Lair:4:   kennysheep_abandoned_house, lab_entry_generic, lemuel_fruit_tree
Lair:5:   beast_lair_carwin_large_4, elwin_shoals_entry_rocks,
          grunt_megastairs_2
Lair:6:   minmay_snake_entry_six_corridors, cheibrodos_lair_caveside_slide
Lair:7:   basic_altar, bh_chokoban
Lair:8:   minmay_lair_end_frog_pond, slime_altar_1, minivault_27,
          kennysheep_basilisk_garden
Snake:2:  uniq_nikola, uniq_jorgrun
Snake:3:  serial_shops, shop, basic_altar, nicolae_snake_single_loop, uniq_aizul
Snake:4:  minmay_snake_end_coiled, uniq_vashnia, uniq_louise
Orc:1:    basic_altar
Orc:2:    uniq_urug
Orc:3:    basic_altar, nicolae_orc_pool_cavern
Orc:4:    st_orc_mages, uniq_sonja, uniq_donald, uniq_josephine, uniq_rupert
Depths:1: cell_vault, okawaru_ov_weapons_minmay,
          nicolae_abyss_entry_one_way_or_another, hell_entry, st_stairs_11,
          serial_bayou_shore_b
Lab:      nicolae_lab_dead_adventurers, nicolae_lab_blocks, nicolae_lab_lava,
          nicolae_lab_starburst, nicolae_lab_swirl, nicolae_lab_checkerboard,
          nicolae_lab_garden, lab_block, lab_statue, nicolae_lab_arrow,
          nicolae_lab_diamond
IceCv:    ice_cave_small_giant

Action                   |  1- 3 |  4- 6 |  7- 9 | 10-12 | 13-15 | 16-18 || total
-------------------------+-------+-------+-------+-------+-------+-------++-------
Melee: Short sword       |   127 |    71 |       |     7 |       |       ||   205
       Whip              |       |   108 |   503 |  1156 |  1709 |       ||  3476
       Scythe            |       |       |       |    63 |       |       ||    63
       Hand axe          |       |       |       |    50 |   239 |    11 ||   300
       Double sword      |       |       |       |       |   394 |   469 ||   863
       War axe           |       |       |       |       |       |    30 ||    30
 Fire: Blowgun           |       |       |     6 |    19 |    38 |     2 ||    65
Throw: Tomahawk          |       |       |       |       |     1 |       ||     1
       Throwing net      |       |       |       |       |     2 |       ||     2
Invok: Potion Petition   |       |       |       |     1 |     4 |     5 ||    10
       Call Merchant     |       |       |       |       |     2 |       ||     2
Evoke: Wand              |       |       |       |    13 |    14 |     2 ||    29
       Stone of tremors  |       |       |       |       |     4 |       ||     4
       Rod               |       |       |       |       |     7 |    11 ||    18
       Phantom mirror    |       |       |       |       |       |     1 ||     1
  Use: Scroll            |     5 |     5 |    10 |    11 |    15 |     8 ||    54
       Potion            |       |     1 |     4 |     6 |    20 |     7 ||    38
 Stab: Sleeping          |     2 |     5 |    24 |    38 |   104 |    13 ||   186
       Distracted        |       |       |     2 |    14 |    48 |    17 ||    81
       Confused          |       |       |       |     4 |     2 |       ||     6
       Invisible         |       |       |       |       |     2 |       ||     2
  Eat: Chunk             |     3 |     2 |       |       |       |       ||     5
       Beef jerky        |       |     2 |       |     1 |     9 |     1 ||    13
       Bread ration      |       |     1 |     2 |     5 |     2 |     4 ||    14
       Pizza             |       |       |     1 |       |     7 |       ||     8
       Royal jelly       |       |       |       |     3 |    10 |     1 ||    14
       Fruit             |       |       |       |     2 |    34 |     4 ||    40
       Meat ration       |       |       |       |     2 |     2 |       ||     4
